 Dungeon Crawl Stone Soup version 0.17.1-1-g73c8601 (webtiles) character file.

21141 Goblin1989 the Martial Artist (level 12, -1/68 HPs)
             Began as a Vine Stalker Monk on Dec 30, 2015.
             Was a High Priest of Zin.
             Slain by a porcupine (4 damage)
             ... on level 7 of the Lair of Beasts on Dec 31, 2015.
             The game lasted 01:05:18 (13833 turns).

Goblin1989 the Martial Artist (Vine Stalker Monk)  Turns: 13833, Time: 01:05:18

Health: -1/68      AC: 13    Str: 15    XL:     12   Next: 86%
Magic:  0/16       EV: 16    Int: 14    God:    Zin [*****.]
Gold:   545        SH:  0    Dex: 17    Spells: 2 memorised, 5 levels left

rFire  + . .     SeeInvis +       - Unarmed
rCold  . . .     Clarity  +     E - +3 leather armour of Mental Paralysis {rF+ SInv}
rNeg   + . .     SustAt   .     (no shield)
rPois  .         Gourm    .     l - +2 helmet
rElec  .         Spirit   +     h - +1 cloak
rCorr  .         Warding  .     D - +0 pair of gloves
rMut   .         Stasis   .     A - +0 pair of boots
MR     ++...                    y - amulet of clarity
Stlth  ++++......               W - ring of protection from magic
                                t - ring of positive energy

@: lethally poisoned (-1 -> -1), very resistant to hostile enchantments,
stealthy
A: fangs 3, regeneration 3, magic shield, antimagic bite, no device heal 3, rot
immunity
a: Recite, Vitalisation, Imprison, Sanctuary, Donate Gold, Renounce Religion


You were on level 7 of the Lair of Beasts.
You worshipped Zin.
Zin was extremely pleased with you.
You were hungry.

You visited 3 branches of the dungeon, and saw 16 of its levels.

You collected 932 gold pieces.
You spent 294 gold pieces at shops.
You donated 93 gold pieces to Zin.

Inventory:

Hand Weapons
 b - a +2 blowgun
 O - the +1 scythe of Gravity {venom, +Rage rC+ MR+++ Dex-5}
   (You found it on level 8 of the Dungeon)

   It poisons the flesh of those it strikes.
   It affects your dexterity (-5).
   It protects you from cold.
   It affects your resistance to hostile enchantments.
   It lets you go berserk.
Missiles
 k - 55 poisoned needles
 x - 3 curare-tipped needles
Armour
 h - a +1 cloak (worn)
 l - a +2 helmet (worn)
 A - a +0 pair of boots (worn)
 B - the +1 leather armour of Wiuritaz {+Blink rC+ Stlth+}
   (You bought it in a shop on level 5 of the Dungeon)

   It protects you from cold.
   It lets you blink.
   It makes you more stealthy.
 D - a +0 pair of gloves (worn)
 E - the +3 leather armour of Mental Paralysis (worn) {rF+ SInv}
   (You bought it in a shop on level 5 of the Dungeon)

   It protects you from fire.
   It lets you see invisible.
Jewellery
 i - an uncursed amulet of resist mutation
 t - a ring of positive energy (left hand)
 y - an amulet of clarity (around neck)
 W - a ring of protection from magic (right hand)
Wands
 R - a wand of digging (13)
 X - a wand of draining (12)
Scrolls
 g - 4 scrolls of amnesia
 n - 8 scrolls of identify
 o - a scroll of immolation
 q - 2 scrolls of enchant armour
 s - 8 scrolls of remove curse
 F - a scroll of silence {unknown}
 H - a scroll of random uselessness {unknown}
 I - a scroll of fog
 K - 2 scrolls of recharging {unknown}
 Q - a scroll of magic mapping
 T - a scroll of fear
Potions
 d - 6 potions of curing
 e - a potion of brilliance
 f - a potion of heal wounds
 r - 2 potions of magic
 u - a potion of berserk rage {unknown}
 C - a potion of agility
 G - a potion of mutation {unknown}
 J - a potion of ambrosia {unknown}
 L - a potion of might
 N - a potion of poison {unknown}
Books
 a - a book of Enchantments

   Spells                             Type                      Level
   a - Cause Fear                     Hexes                        4
   b - Silence                        Hexes/Air                    5
   c - Deflect Missiles               Charms/Air                   6
   d - Haste                          Charms                       6
   e - Discord                        Hexes                        8
 m - a book of Beasts

   Spells                             Type                      Level
   a - Summon Butterflies             Summoning                    1
   b - Call Canine Familiar           Summoning                    3
   c - Summon Ice Beast               Ice/Summoning                4
   d - Summon Mana Viper              Hexes/Summoning              5
   e - Summon Hydra                   Summoning                    7
 M - Cifaufih's Volume of Icy Companions
   (You found it on level 4 of the Lair of Beasts)

   Spells                             Type                      Level
   a - Summon Butterflies             Summoning                    1
   b - Summon Small Mammal            Summoning                    1
   c - Metabolic Englaciation         Hexes/Ice                    5
   d - Summon Forest                  Summoning/Translocation      5
   e - Simulacrum                     Ice/Necromancy               6
 S - Lehudib's Volume of Conjuration
   (You found it on level 5 of the Lair of Beasts)

   Spells                             Type                      Level
   a - Sting                          Conjuration/Poison           1
   b - Mephitic Cloud                 Conjuration/Poison/Air       3
   c - Sticky Flame                   Conjuration/Fire             4
   d - Fireball                       Conjuration/Fire             5
   e - Orb of Destruction             Conjuration                  7
 U - a book of Fire

   Spells                             Type                      Level
   a - Ignite Poison                  Fire/Transmutation/Poison    3
   b - Fireball                       Conjuration/Fire             5
   c - Bolt of Fire                   Conjuration/Fire             6
   d - Delayed Fireball               Conjuration/Fire             7
   e - Ring of Flames                 Charms/Fire                  7
Comestibles
 c - 4 beef jerkies
 j - 5 meat rations
 v - 6 bread rations
 w - 4 slices of pizza
 z - 17 fruits
 P - a royal jelly


   Skills:
 - Level 10.5 Fighting
 - Level 2.4 Armour
 * Level 6.7 Dodging
 - Level 8.7 Stealth
 + Level 11.7 Unarmed Combat
 + Level 4.6 Hexes
 + Level 4.4 Summonings
 - Level 4.0 Translocations
 + Level 5.0 Invocations
 - Level 1.8 Evocations


You had 5 spell levels left.
You knew the following spells:

 Your Spells              Type           Power        Failure   Level  Hunger
a - Apportation           Tloc           ##........   10%         1    ##.....
b - Summon Mana Viper     Hex/Summ       ##......     98%         5    ######.


Dungeon Overview and Level Annotations

Branches:
Dungeon (8/15)             Temple (1/1) D:5            Lair (7/8) D:8
  Snake (0/4) Lair:3
  Swamp: Lair:3-6    Shoals: Lair:3-6     Slime: Lair:6-8

Altars:
Ashenzari
Cheibriados
Dithmenos
Elyvilon
Fedhas
Gozag
Kikubaaqudgha
Makhleb
Nemelex Xobeh
Okawaru
Qazlal
Ru
Sif Muna
Trog
Vehumet
Xom
Yredelemnul
Zin
The Shining One

Shops:
D:5 [   D:7 }

Annotations:
Lair:6 exclusion: fire dragon, Maud


Innate Abilities, Weirdness & Mutations

You have razor-sharp teeth.
You regenerate.
When hurt, damage is shared between your health and your magic reserves.
Your bite disrupts and absorbs the magic of your enemies.
Potions and wands cannot restore your health.
You are immune to rotting.


Message History

You are poisoned.
The spiny frog poisons you!
You feel sick. The porcupine misses you.
You feel sick.
The boulder beetle smashes into the bush!
The boulder beetle stops rolling.
The komodo dragon completely misses you.
The boulder beetle curls into a ball and starts rolling!
You feel sick.
You feel sick. The porcupine misses you. The crocodile bites you.
* * * LOW HITPOINT WARNING * * *
You feel sick.
The boulder beetle smashes into the spiny frog!
The boulder beetle stops rolling.
The crocodile bites the fungus!
The spiny frog stings the fungus but does no damage.
You feel sick.
The spiny frog gives a loud, deep croak!
The porcupine closely misses you.
You feel sick. The porcupine bites you.
You die...

.....P....P.ยง.####..............#
.............#..#.....#.........
..........B....##....#..#....##
...........#.##......#..#..##.
.#......PF###................
....#....F..Y........##.....#
....#.......t.P...... ###..#.
.......P.#.r........ #....
.#..#...#.@##.P.... #....
...........# .... .#...
........##.. ... . ...
............. .. . ... .......
..... . #.#. P..#### ## .P## ###


You could see a boulder beetle, an elephant (wandering), 2 spiny frogs, a
crocodile and a porcupine.

Vanquished Creatures
  Erolcha (D:8)
  Pikel (D:5)
  A griffon (Lair:6)
  A black mamba (Lair:6)
  7 spiny frogs
  6 komodo dragons
  A fire drake (Lair:7)
  A polar bear (Lair:2)
  13 blink frogs
  Prince Ribbit (D:6)
  32 yaks
  A deep elf fighter (D:8)
  4 hippogriffs
  A naga (Lair:3)
  4 wolves (Lair:3)
  Edmund (D:6)
  10 water moccasins
  2 orc warriors (D:8)
  9 porcupines
  A black bear (Lair:1)
  2 slaves (D:5)
  3 ice beasts
  2 sky beasts
  An ogre (D:5)
  2 phantoms
  9 crocodiles
  12 giant frogs
  2 scorpions (D:4)
  5 killer bees (D:7)
  5 crimson imps
  3 hounds
  2 jellies
  2 giant frog skeletons
  9 worker ants
  5 iguanas
  4 orc wizards
  15 sheep
  2 hound skeletons
  Robin (D:4)
  8 gnolls
  8 adders
  72 river rats
  A shadow imp (D:6)
  2 oozes
  2 worms
  3 giant geckos
  14 orcs
  14 bats
  6 giant cockroaches
  21 goblins
  11 hobgoblins
  14 jackals
  2 quokkas (D:2)
  A ball python (D:4)
  3 giant newts
  A jackal skeleton (D:4)
  9 kobolds
  A quokka skeleton (D:4)
  19 rats
  A plant (Lair:3)
397 creatures vanquished.

Vanquished Creatures (others)
  A quokka (D:2)
  6 fungi
  A plant (Lair:6)
8 creatures vanquished.

Grand Total: 405 creatures vanquished

Notes
Turn   | Place    | Note
--------------------------------------------------------------
     0 | D:1      | Goblin1989 the Vine Stalker Monk began the quest for the Orb.
     0 | D:1      | Reached XP level 1. HP: 11/11 MP: 2/2
   130 | D:3      | Reached XP level 2. HP: 7/16 MP: 3/3
   185 | D:4      | Noticed a phantom
   221 | D:2      | Found a white marble altar of Elyvilon.
   232 | D:2      | Reached XP level 3. HP: 11/19 MP: 2/4
   255 | D:2      | Became a worshipper of Elyvilon the Healer
   255 | D:2      | Reached * piety under Elyvilon
   255 | D:2      | Reached ** piety under Elyvilon
   282 | D:2      | Found a radiant altar of Vehumet.
   329 | D:2      | Found a burning altar of Makhleb.
   329 | D:2      | Noticed a crimson imp
   346 | D:2      | Killed a crimson imp
   346 | D:2      | Reached skill level 5 in Unarmed Combat
   346 | D:2      | Reached XP level 4. HP: 23/23 MP: 5/5
   611 | D:2      | Found an iron altar of Okawaru.
   657 | D:2      | Reached skill level 1 in Invocations
   784 | D:2      | Reached XP level 5. HP: 27/27 MP: 6/6
   806 | D:2      | You fall through a shaft for 2 floors!
   954 | D:4      | Found a glowing drain.
  1098 | D:4      | Reached skill level 6 in Unarmed Combat
  1225 | D:5      | Entered Level 5 of the Dungeon
  1238 | D:5      | Noticed a slave
  1240 | D:5      | Noticed a slave
  1242 | D:5      | Noticed a slave
  1243 | D:5      | Noticed Pikel
  1244 | D:5      | Noticed a slave
  1261 | D:4      | Gained mutation: You heal very quickly. [Vine Stalker growth]
  1261 | D:4      | Reached XP level 6. HP: 14/32 MP: 4/8
  1371 | D:5      | Noticed an ogre
  1384 | D:5      | Killed an ogre
  1433 | D:5      | Killed a slave
  1441 | D:5      | Killed a slave
  1534 | D:5      | Killed Pikel
  1534 | D:5      | Reached skill level 5 in Stealth
  1534 | D:5      | Reached skill level 7 in Unarmed Combat
  1534 | D:5      | Reached XP level 7. HP: 18/35 MP: 7/10
  1608 | D:5      | Found Zeleypaiwn's Antique Armour Shop.
  1633 | D:5      | Got a smoking leather armour
  1644 | D:5      | Identified the cursed +0 leather armour "Ytung" {Dex+2} (You found it on level 5 of the Dungeon)
  1726 | D:5      | Found a shimmering altar of Xom.
  1833 | D:5      | Got a transparent dagger
  1856 | D:5      | Identified the +8 dagger "Noysoin" {pain, +Blink SInv} (You found it on level 5 of the Dungeon)
  2022 | D:5      | Found a staircase to the Ecumenical Temple.
  2037 | D:5      | Gained mutation: You have razor-sharp teeth. [Vine Stalker growth]
  2037 | D:5      | Reached XP level 8. HP: 39/39 MP: 11/11
  2160 | D:4      | Killed a phantom
  2233 | D:4      | Noticed a scorpion
  2241 | D:4      | Killed a scorpion
  2264 | D:4      | Reached *** piety under Elyvilon
  2350 | D:4      | Noticed Robin
  2369 | D:4      | Killed Robin
  2532 | D:4      | Noticed a scorpion
  2553 | D:4      | Killed a scorpion
  2553 | D:4      | Reached skill level 1 in Armour
  2553 | D:4      | Reached skill level 8 in Unarmed Combat
  3967 | D:1      | Reached **** piety under Elyvilon
  4724 | D:5      | Bought a faintly glowing leather armour for 147 gold pieces
  4736 | D:5      | Identified the cursed +1 leather armour of Wiuritaz {+Blink rC+ Stlth+} (You bought it in a shop on level 5 of the Dungeon)
  4831 | D:6      | Found a deep blue altar of Sif Muna.
  4920 | D:6      | Noticed Prince Ribbit
  4943 | D:6      | Noticed Edmund
  4946 | D:6      | Found a snail-covered altar of Cheibriados.
  4978 | D:5      | Reached XP level 9. HP: 7/46 MP: 6/12
  5071 | D:6      | Killed Edmund
  5071 | D:6      | Reached skill level 1 in Evocations
  5128 | D:6      | Found a glowing silver altar of Zin.
  5139 | D:6      | Killed Prince Ribbit
  5352 | D:7      | Reached skill level 5 in Fighting
  5377 | D:7      | Found Tez Bid's Gadget Shoppe.
  5423 | D:7      | Found a sacrificial altar of Ru.
  5711 | D:5      | Bought a heavily runed leather armour for 147 gold pieces
  5722 | D:5      | Identified the +3 leather armour of Mental Paralysis {rF+ SInv} (You bought it in a shop on level 5 of the Dungeon)
  5769 | Temple   | Entered the Ecumenical Temple
  5892 | D:6      | Fell from the grace of Elyvilon
  5892 | D:6      | Became a worshipper of Zin the Law-Giver
  5892 | D:6      | Reached * piety under Zin
  5892 | D:6      | Reached ** piety under Zin
  5893 | D:6      | Donated 20 gold pieces to Zin
  5894 | D:6      | Donated 10 gold pieces to Zin
  6271 | D:7      | Reached skill level 9 in Unarmed Combat
  6713 | D:8      | Noticed Erolcha
  6738 | D:8      | Killed Erolcha
  6738 | D:8      | Reached XP level 10. HP: 51/53 MP: 13/13
  6774 | D:8      | Learned a level 1 spell: Apportation
  6838 | D:8      | Reached *** piety under Zin
  6855 | D:8      | Found a bloodstained altar of Trog.
  7027 | D:8      | Found a stormy altar of Qazlal.
  7049 | D:8      | Reached skill level 1 in Translocations
  7162 | D:8      | Found a staircase to the Lair.
  7346 | D:8      | Got a jewelled scythe
  7347 | D:8      | Identified the cursed +1 scythe of Gravity {venom, +Rage rC+ MR+++ Dex-5} (You found it on level 8 of the Dungeon)
  7508 | D:8      | Found an ancient bone altar of Kikubaaqudgha.
  7566 | Lair:1   | Entered Level 1 of the Lair of Beasts
  7610 | Lair:1   | Reached skill level 5 in Dodging
  8157 | Lair:1   | Reached **** piety under Zin
  8159 | Lair:1   | Noticed a four-headed hydra
  8702 | Lair:2   | Reached skill level 10 in Unarmed Combat
  8718 | Lair:2   | Reached XP level 11. HP: 39/60 MP: 14/14
  9203 | Lair:2   | You fall through a shaft!
  9728 | Lair:3   | Found a staircase to the Snake Pit.
 10143 | Lair:3   | Learned a level 5 spell: Summon Mana Viper
 10701 | Lair:3   | Reached skill level 1 in Hexes
 10701 | Lair:3   | Reached skill level 1 in Summonings
 10950 | Lair:3   | Reached skill level 11 in Unarmed Combat
 10973 | Lair:3   | Gained mutation: You regenerate. [Vine Stalker growth]
 10973 | Lair:3   | Reached XP level 12. HP: 64/67 MP: 15/15
 11065 | Lair:4   | Identified Cifaufih's Volume of Icy Companions
 11423 | Lair:4   | Reached skill level 10 in Fighting
 11531 | Lair:5   | Identified Lehudib's Volume of Conjuration
 12536 | Lair:6   | Reached ***** piety under Zin
 12600 | Lair:6   | Noticed Maud
 13095 | Lair:6   | Noticed a fire dragon
 13260 | Lair:6   | Noticed a death yak
 13694 | Lair:7   | Reached skill level 5 in Invocations
 13827 | Lair:7   | HP: 3/68 [poisoned by a spiny frog]
 13833 | Lair:7   | HP: 3/68 [poisoned by a spiny frog]
 13833 | Lair:7   | Slain by a porcupine

Action                   |  1- 3 |  4- 6 |  7- 9 | 10-12 || total
-------------------------+-------+-------+-------+-------++-------
Melee: Unarmed           |    31 |   205 |   394 |   904 ||  1534
 Fire: Blowgun           |       |       |    14 |    32 ||    46
Invok: Lesser Healing    |       |     1 |     2 |       ||     3
       Divine Protection |       |     1 |       |       ||     1
       Donate Gold       |       |       |     2 |       ||     2
       Vitalisation      |       |       |       |     1 ||     1
  Use: Scroll            |       |       |     9 |    14 ||    23
       Potion            |       |       |       |     1 ||     1
 Stab: Sleeping          |     4 |     1 |    33 |    40 ||    78
       Distracted        |       |       |       |     2 ||     2
  Eat: Chunk             |       |     2 |    13 |    20 ||    35
       Royal jelly       |       |       |     2 |     1 ||     3
       Pizza             |       |       |     2 |       ||     2
       Fruit             |       |       |     3 |     2 ||     5
